TOP OF THE 1ST |
Lee's Summit Tigers batting - Pitching for Manhatten Meatheads : RHP Ramón Caro
|
Pitching: RHP Ramón Caro
|
|
Batting: RHB José Deleón
|
0-0: Ball 1-0: Fly out, F9 (Flyball, 9LD)
|
Batting: RHB William Flores
|
0-0: Ball 1-0: Foul Ball, location: 2F 1-1: Swinging Strike 1-2: Foul Ball, location: 2F 1-2: Ball 2-2: Ground out 6-3 (Groundball, 6)
|
Batting: LHB Brian Lawson
|
0-0: Ball 1-0: Called Strike 1-1: Called Strike 1-2: Strikes out looking
|
Top of the 1st over - 0 runs, 0 hits, 0 errors, 0 left on base; Lee's Summit 0 - Manhatten 0 |
BOTTOM OF THE 1ST |
Manhatten Meatheads batting - Pitching for Lee's Summit Tigers : RHP José Medellín
|
Pitching: RHP José Medellín
|
|
Batting: LHB Wayne Rogers
|
0-0: Ball 1-0: Foul Ball, location: 2F 1-1: Ball 2-1: Ball 3-1: Foul Ball, location: 2F 3-2: Foul Ball, location: 2F 3-2: Strikes out swinging
|
Batting: RHB Ron McClain
|
0-0: Called Strike 0-1: Ball 1-1: Called Strike 1-2: Ball 2-2: Ground out 5-3 (Groundball, 5)
|
Batting: RHB António Vargas
|
0-0: Ball 1-0: Ball 2-0: Ball 3-0: Called Strike 3-1: Swinging Strike 3-2: Base on Balls
|
Batting: LHB Geoff May
|
0-0: Ball 1-0: Ball 2-0: Ball 3-0: Base on Balls António Vargas to second
|
Batting: RHB Paul French
|
0-0: SINGLE (Groundball, 34D) António Vargas to third Geoff May to second Runner from 3rd tries for Home, SAFE, throw made home
|
Batting: RHB Louis-Alexandre Lévesque
|
0-0: Foul Ball, location: 2F 0-1: Fly out, F3 (Popup, 3DF)
|
Bottom of the 1st over - 1 run, 1 hit, 0 errors, 2 left on base; Lee's Summit 0 - Manhatten 1 |
TOP OF THE 2ND |
Lee's Summit Tigers batting - Pitching for Manhatten Meatheads : RHP Ramón Caro
|
Batting: RHB Tommy Smith
|
0-0: Ball 1-0: Swinging Strike 1-1: Fly out, F6 (Popup, 6)
|
Batting: LHB Víctor Piña
|
0-0: Foul Ball, location: 2F 0-1: Ball 1-1: Ball 2-1: Swinging Strike 2-2: Ball 3-2: Foul Ball, location: 2F 3-2: Base on Balls
|
Batting: RHB Josh Martin
|
0-0: SINGLE (Groundball, 34S) (infield hit) Víctor Piña to second
|
Batting: RHB Gerardo Romero
|
0-0: Grounds into double play, 5-4-3 (Groundball, 56)
|
Top of the 2nd over - 0 runs, 1 hit, 0 errors, 1 left on base; Lee's Summit 0 - Manhatten 1 |
BOTTOM OF THE 2ND |
Manhatten Meatheads batting - Pitching for Lee's Summit Tigers : RHP José Medellín
|
Batting: RHB Wayne Hanson
|
0-0: Ball 1-0: Ball 2-0: Foul Ball, location: 2F 2-1: Foul Ball, location: 2F 2-2: Strikes out swinging
|
Batting: LHB Justin Tubridy
|
0-0: Fly out, F8 (Flyball, 8LD)
|
Batting: RHB Ed Gaston
|
0-0: Ball 1-0: Ball 2-0: Ball 3-0: Called Strike 3-1: Foul Ball, location: 2F 3-2: Ground out 6-3 (Groundball, 6)
|
Bottom of the 2nd over - 0 runs, 0 hits, 0 errors, 0 left on base; Lee's Summit 0 - Manhatten 1 |
TOP OF THE 3RD |
Lee's Summit Tigers batting - Pitching for Manhatten Meatheads : RHP Ramón Caro
|
Batting: LHB Claudio Jiménez
|
0-0: Ball 1-0: Ball 2-0: Ball 3-0: Base on Balls
|
Batting: SHB Enrique Bartoccini
|
0-0: Called Strike Claudio Jiménez is caught stealing 2nd base 0-1: Ball 1-1: DOUBLE (Groundball, 5L)
|
Batting: RHB José Deleón
|
0-0: Foul Ball, location: 2F 0-1: Ball 1-1: Called Strike 1-2: Ball 2-2: Foul Ball, location: 2F 2-2: SINGLE (Line Drive, 8RS) Enrique Bartoccini to third Runner from 3rd tries for Home, SAFE, no throw
|
Batting: RHB William Flores
|
0-0: Swinging Strike 0-1: Foul Ball, location: 2F 0-2: Ball 1-2: Strikes out swinging
|
Batting: LHB Brian Lawson
|
0-0: Swinging Strike 0-1: DOUBLE (Line Drive, 89D) José Deleón to third Runner from 3rd tries for Home, SAFE, throw made at trailing runner, OUT at third!
|
Top of the 3rd over - 2 runs, 3 hits, 0 errors, 0 left on base; Lee's Summit 2 - Manhatten 1 |
BOTTOM OF THE 3RD |
Manhatten Meatheads batting - Pitching for Lee's Summit Tigers : RHP José Medellín
|
Batting: LHB Wayne Rogers
|
0-0: Called Strike 0-1: Foul Ball, location: 2F 0-2: Fly out, F9 (Flyball, 89S)
|
Batting: RHB Ron McClain
|
0-0: Fly out, F7 (Flyball, 78M)
|
Batting: RHB António Vargas
|
0-0: Swinging Strike 0-1: Ball 1-1: Ball 2-1: Foul Ball, location: 2F 2-2: Strikes out looking
|
Bottom of the 3rd over - 0 runs, 0 hits, 0 errors, 0 left on base; Lee's Summit 2 - Manhatten 1 |
TOP OF THE 4TH |
Lee's Summit Tigers batting - Pitching for Manhatten Meatheads : RHP Ramón Caro
|
Batting: RHB Tommy Smith
|
0-0: Ball 1-0: Called Strike 1-1: Ball 2-1: Swinging Strike 2-2: Ground out 6-3 (Groundball, 6)
|
Batting: LHB Víctor Piña
|
0-0: Ball 1-0: SINGLE (Groundball, 34D)
|
Batting: RHB Josh Martin
|
0-0: Called Strike 0-1: Ball 1-1: DOUBLE (Groundball, 3L) Víctor Piña to third
|
Batting: RHB Gerardo Romero
|
0-0: Ball 1-0: Fly out, F8 (Flyball, 8RD) Runner from 3rd tags up, SCORES, throw made
|
Batting: LHB Claudio Jiménez
|
0-0: Ball 1-0: Called Strike 1-1: SINGLE (Line Drive, 8LS) Josh Martin to third Runner from 3rd tries for Home, SAFE, no throw
|
Batting: SHB Enrique Bartoccini
|
0-0: Ball 1-0: Fly out, F7 (Flyball, 7LM)
|
Top of the 4th over - 2 runs, 3 hits, 0 errors, 1 left on base; Lee's Summit 4 - Manhatten 1 |
BOTTOM OF THE 4TH |
Manhatten Meatheads batting - Pitching for Lee's Summit Tigers : RHP José Medellín
|
Batting: LHB Geoff May
|
0-0: Foul Ball, location: 2F 0-1: Ball 1-1: Fly out, F3 (Line Drive, 3)
|
Batting: RHB Paul French
|
0-0: Ball 1-0: Called Strike 1-1: Ball 2-1: Ball 3-1: Fly out, F8 (Flyball, 8LM)
|
Batting: RHB Louis-Alexandre Lévesque
|
0-0: Ball 1-0: Fly out, F4 (Popup, 4)
|
Bottom of the 4th over - 0 runs, 0 hits, 0 errors, 0 left on base; Lee's Summit 4 - Manhatten 1 |
TOP OF THE 5TH |
Lee's Summit Tigers batting - Pitching for Manhatten Meatheads : RHP Ramón Caro
|
Batting: RHB José Deleón
|
0-0: Ball 1-0: Ground out 5-3 (Groundball, 56S)
|
Batting: RHB William Flores
|
0-0: Called Strike 0-1: Ball 1-1: Ground out 5-3 (Groundball, 56)
|
Batting: LHB Brian Lawson
|
0-0: Called Strike 0-1: Foul Ball, location: 2F 0-2: Fly out, F8 (Flyball, 8LM)
|
Top of the 5th over - 0 runs, 0 hits, 0 errors, 0 left on base; Lee's Summit 4 - Manhatten 1 |
BOTTOM OF THE 5TH |
Manhatten Meatheads batting - Pitching for Lee's Summit Tigers : RHP José Medellín
|
Batting: RHB Wayne Hanson
|
0-0: Ball 1-0: Foul Ball, location: 2F 1-1: Foul Ball, location: 2F 1-2: Ball 2-2: Ball 3-2: Strikes out swinging
|
Batting: LHB Justin Tubridy
|
0-0: Ground out 4-3 (Groundball, 4)
|
Batting: RHB Ed Gaston
|
0-0: Foul Ball, location: 2F 0-1: Foul Ball, location: 2F 0-2: Ball 1-2: Foul Ball, location: 2F 1-2: Ball 2-2: Foul Ball, location: 2F 2-2: Strikes out looking
|
Bottom of the 5th over - 0 runs, 0 hits, 0 errors, 0 left on base; Lee's Summit 4 - Manhatten 1 |
TOP OF THE 6TH |
Lee's Summit Tigers batting - Pitching for Manhatten Meatheads : RHP Ramón Caro
|
Batting: RHB Tommy Smith
|
0-0: Ball 1-0: Foul Ball, location: 2F 1-1: Ball 2-1: Ball 3-1: Foul Ball, location: 2F 3-2: Base on Balls
|
Batting: LHB Víctor Piña
|
0-0: Foul Ball, location: 2F 0-1: Ball 1-1: Called Strike 1-2: Strikes out swinging
|
Batting: RHB Josh Martin
|
0-0: Ball 1-0: SINGLE (Line Drive, 3) Tommy Smith to second
|
Batting: RHB Gerardo Romero
|
0-0: Grounds into double play, 4-6-3 (Groundball, 4)
|
Top of the 6th over - 0 runs, 1 hit, 0 errors, 1 left on base; Lee's Summit 4 - Manhatten 1 |
BOTTOM OF THE 6TH |
Manhatten Meatheads batting - Pitching for Lee's Summit Tigers : RHP José Medellín
|
Batting: LHB Wayne Rogers
|
0-0: Called Strike 0-1: Ball 1-1: SINGLE (Line Drive, 56D)
|
Batting: RHB Ron McClain
|
0-0: Called Strike 0-1: Foul Ball, location: 2F 0-2: Ball 1-2: Foul Ball, location: 2F 1-2: Strikes out swinging
|
Batting: RHB António Vargas
|
0-0: Ball 1-0: Swinging Strike 1-1: Ball 2-1: Ball Wayne Rogers steals 2nd base 3-1: SINGLE (Groundball, 6MD) Wayne Rogers to third Runner from 3rd tries for Home, SAFE, throw made home
|
Batting: LHB Geoff May
|
0-0: Called Strike 0-1: Foul Ball, location: 2F 0-2: Ball 1-2: Foul Ball, location: 2F 1-2: DOUBLE (Line Drive, 9LD) António Vargas to third
|
Batting: RHB Paul French
|
0-0: Called Strike 0-1: Foul Ball, location: 2F 0-2: Ball 1-2: Ball 2-2: Ball 3-2: Strikes out looking
|
Batting: RHB Louis-Alexandre Lévesque
|
0-0: Called Strike 0-1: Swinging Strike 0-2: Ball 1-2: Strikes out swinging
|
Bottom of the 6th over - 1 run, 3 hits, 0 errors, 2 left on base; Lee's Summit 4 - Manhatten 2 |
TOP OF THE 7TH |
Lee's Summit Tigers batting - Pitching for Manhatten Meatheads : RHP Ramón Caro
|
Batting: LHB Claudio Jiménez
|
0-0: Ball 1-0: Ball 2-0: Ball 3-0: Base on Balls
|
Pitching: RHP Jorge Báez
|
|
Batting: SHB Enrique Bartoccini
|
0-0: Ball 1-0: Bunted foul 1-1: Bunted foul 1-2: Ball 2-2: Ball 3-2: Base on Balls Claudio Jiménez to second
|
Batting: RHB José Deleón
|
0-0: Ball 1-0: Ball 2-0: Called Strike 2-1: Ball 3-1: Foul Ball, location: 2F 3-2: SINGLE (Groundball, 4MD) Claudio Jiménez to third Enrique Bartoccini to second
|
Batting: RHB William Flores
|
0-0: Ball 1-0: SINGLE (Line Drive, 7) Claudio Jiménez scores Enrique Bartoccini to third José Deleón to second
|
Pitching: LHP Gustavo Sánchez
|
|
Batting: LHB Brian Lawson
|
0-0: Fly out, F7 (Flyball, 7D) Runner from 3rd tags up, SCORES, throw made
|
Pitching: LHP Dave Moser
|
|
Batting: RHB Tommy Smith
|
0-0: Swinging Strike 0-1: Ball 1-1: Ball 2-1: Called Strike 2-2: SINGLE (Line Drive, 6D) José Deleón to third William Flores to second Runner from 3rd tries for Home, SAFE, throw made home
|
Batting: LHB Víctor Piña
|
0-0: Ball 1-0: Ball 2-0: Ball 3-0: Called Strike 3-1: Grounds into double play, 4-6-3 (Groundball, 4)
|
Top of the 7th over - 3 runs, 3 hits, 0 errors, 1 left on base; Lee's Summit 7 - Manhatten 2 |
BOTTOM OF THE 7TH |
Manhatten Meatheads batting - Pitching for Lee's Summit Tigers : RHP José Medellín
|
Batting: RHB Wayne Hanson
|
0-0: Ball 1-0: Foul Ball, location: 2F 1-1: Foul Ball, location: 2F 1-2: Ball 2-2: Fly out, F8 (Flyball, 8RM)
|
Batting: LHB Justin Tubridy
|
0-0: Foul Ball, location: 2F 0-1: Called Strike 0-2: Strikes out swinging
|
Batting: RHB Ed Gaston
|
0-0: Ball 1-0: Ball 2-0: Foul Ball, location: 2F 2-1: DOUBLE (Line Drive, 89D)
|
Pitching: RHP Bob Boone
|
|
Batting: LHB Wayne Rogers
|
0-0: Ball 1-0: Foul Ball, location: 2F 1-1: SINGLE (Flyball, 4D) Ed Gaston to third
|
Batting: RHB Ron McClain
|
0-0: Called Strike 0-1: Ball 1-1: Called Strike 1-2: Fielders Choice at 2nd, 6-4 (Groundball, 56)
|
Bottom of the 7th over - 0 runs, 2 hits, 0 errors, 2 left on base; Lee's Summit 7 - Manhatten 2 |
TOP OF THE 8TH |
Lee's Summit Tigers batting - Pitching for Manhatten Meatheads : LHP Dave Moser
|
Batting: RHB Josh Martin
|
0-0: Called Strike 0-1: DOUBLE (Line Drive, 7LM)
|
Batting: RHB Gerardo Romero
|
0-0: Foul Ball, location: 2F 0-1: Foul Ball, location: 2F 0-2: Ball 1-2: Foul Ball, location: 2F 1-2: Ball 2-2: Strikes out swinging
|
Batting: LHB Claudio Jiménez
|
0-0: Called Strike Josh Martin is caught stealing 3rd base 0-1: Ball 1-1: Called Strike 1-2: Strikes out swinging
|
Top of the 8th over - 0 runs, 1 hit, 0 errors, 0 left on base; Lee's Summit 7 - Manhatten 2 |
BOTTOM OF THE 8TH |
Manhatten Meatheads batting - Pitching for Lee's Summit Tigers : RHP Bob Boone
|
Now at 2B: Stephen Segura
|
|
Batting: RHB António Vargas
|
0-0: Called Strike 0-1: Swinging Strike 0-2: Ball 1-2: DOUBLE (Line Drive, 7LS)
|
Batting: LHB Geoff May
|
0-0: Ball 1-0: Called Strike 1-1: Foul Ball, location: 2F 1-2: Foul Ball, location: 2F 1-2: Fly out, F7 (Line Drive, 7)
|
Batting: RHB Paul French
|
0-0: Called Strike 0-1: Ball 1-1: Foul Ball, location: 2F 1-2: Ball 2-2: Foul Ball, location: 2F 2-2: Fly out, F8 (Flyball, 8LM)
|
Batting: RHB Louis-Alexandre Lévesque
|
0-0: Called Strike 0-1: Ball 1-1: Fly out, F5 (Line Drive, 5)
|
Bottom of the 8th over - 0 runs, 1 hit, 0 errors, 1 left on base; Lee's Summit 7 - Manhatten 2 |
TOP OF THE 9TH |
Lee's Summit Tigers batting - Pitching for Manhatten Meatheads : LHP Dave Moser
|
Pitching: RHP Doug Acevedo
|
|
Batting: SHB Enrique Bartoccini
|
0-0: Ball 1-0: Swinging Strike 1-1: Ball 2-1: Ball 3-1: Base on Balls
|
Batting: RHB José Deleón
|
0-0: Fly out, F8 (Flyball, 89D)
|
Batting: RHB William Flores
|
0-0: Called Strike Enrique Bartoccini steals 2nd base 0-1: Ball 1-1: Fly out, F7 (Line Drive, 7)
|
Pitching: RHP Mauro Ramos
|
|
Batting: LHB Brian Lawson
|
0-0: SINGLE (Line Drive, 56D) Enrique Bartoccini to third Runner from 3rd tries for Home, SAFE, no throw
|
Batting: RHB Tommy Smith
|
0-0: Ball 1-0: Ball 2-0: Ball 3-0: Called Strike 3-1: Fly out, F7 (Flyball, 7)
|
Top of the 9th over - 1 run, 1 hit, 0 errors, 1 left on base; Lee's Summit 8 - Manhatten 2 |
BOTTOM OF THE 9TH |
Manhatten Meatheads batting - Pitching for Lee's Summit Tigers : RHP Bob Boone
|
Batting: RHB Wayne Hanson
|
0-0: Called Strike 0-1: Foul Ball, location: 2F 0-2: Strikes out swinging
|
Batting: LHB Justin Tubridy
|
0-0: Ball 1-0: Ball 2-0: Ball 3-0: Base on Balls
|
Batting: RHB Ed Gaston
|
0-0: Ball 1-0: Foul Ball, location: 2F 1-1: Foul Ball, location: 2F 1-2: Grounds into double play, 5-4-3 (Groundball, 56)
|
Bottom of the 9th over - 0 runs, 0 hits, 0 errors, 0 left on base; Lee's Summit 8 - Manhatten 2 |
|